Philadelphia Flyers vs Pittsburgh Penguins
Created - Tuesday, August 5, 2025 at 08:22
Goals
|
| Philadelphia Flyers |
1 |
1 |
0 |
2 |
| Pittsburgh Penguins |
1 |
4 |
0 |
5 |
|
Shots
|
| Philadelphia Flyers |
14 |
17 |
9 |
40 |
| Pittsburgh Penguins |
14 |
12 |
10 |
36 |
|
1st period
1. Pittsburgh Penguins , Gabriel Vilardi 1 (Tage Thompson 1, Ryan O'Reilly 1) at 17:05
2. Philadelphia Flyers , Jack McBain 1 (Nick Blankenburg 1, Joel Edmundson 1) at 19:53
Penalties :
No Penalty
2nd period
3. Pittsburgh Penguins , Tage Thompson 1 (Gabriel Vilardi 1, Ryan O'Reilly 2) at 2:02
4. Pittsburgh Penguins , Ryan O'Reilly 1 (Gabriel Vilardi 2, Christian Dvorak 1) at 6:00 (PP)
5. Philadelphia Flyers , Jack McBain 2 (Will Borgen 1, Jake Allen) at 8:57
6. Pittsburgh Penguins , Blake Coleman 1 (Ryan O'Reilly 3, Travis Sanheim 1) at 11:09
7. Pittsburgh Penguins , Gabriel Vilardi 2 (Tage Thompson 2, Ryan O'Reilly 4) at 11:21 (PP)
Penalties :
Tage Thompson (PIT) for Fighting (Major) at 2:03, Juuso Parssinen (PHI) for Fighting (Major) at 2:03, Juuso Parssinen (PHI) for instigated a fight (Minor) at 2:03, Juuso Parssinen (PHI) for instigated a fight (10 Minutes Misconduct) at 2:03, Miles Wood (PHI) for Roughing (Minor) at 5:15, Brandon Duhaime (PHI) for Slashing (Minor) at 11:18
3rd period
No Goal
Penalties :
Leon Draisaitl (PIT) for Roughing (Minor) at 0:48, Travis Sanheim (PIT) for Tripping (Minor) at 9:22
Goalie Stats
Jake Allen (PHI), 31 saves from 36 shots - (0.861), L, 0-1-0, 60:00 minutes
John Gibson (PIT), 38 saves from 40 shots - (0.950), W, 1-0-0, 60:00 minutes
Players Stats for Philadelphia Flyers
Player Name G A P +/- PIM S H SB GA TA FO MP PP MP PK MP
------------------------------------------------------------------------------------
Brandon Duhaime 0 0 0 0 2 2 1 1 2 0 0/3 13:38 0:00 1:23
Casey Cizikas 0 0 0 -1 0 0 3 0 0 0 0/1 14:11 0:00 0:08
Cody Glass 0 0 0 1 0 2 0 1 1 0 9/15 15:24 2:41 0:00
Colton Sissons 0 0 0 -1 0 7 3 0 1 0 5/11 20:13 2:41 1:23
J.J. Moser 0 0 0 -1 0 2 1 0 0 1 0/0 17:52 0:00 0:00
Jack McBain 2 0 2 -1 0 3 3 0 3 1 0/2 14:45 0:00 1:19
Jeff Skinner 0 0 0 0 0 1 1 0 1 0 1/1 15:25 2:41 0:00
Joel Edmundson 0 1 1 1 0 0 0 0 0 1 0/0 22:12 2:20 1:12
Juuso Parssinen 0 0 0 0 17 2 0 1 0 0 0/0 10:32 0:00 0:00
Louis Crevier 0 0 0 -1 0 3 0 1 0 1 0/0 19:35 1:38 1:35
Luca Del Bel Belluz 0 0 0 -1 0 1 1 0 0 1 4/11 14:36 1:17 0:00
Marcus Johansson 0 0 0 -1 0 5 1 0 1 2 0/0 15:05 1:17 0:00
Miles Wood 0 0 0 1 2 5 1 2 0 0 0/0 14:11 0:00 0:02
Nick Blankenburg 0 1 1 1 0 1 1 1 0 1 0/0 22:10 1:38 1:35
Radek Faksa 0 0 0 1 0 4 4 0 0 0 12/19 15:13 0:00 1:19
Thomas Novak 0 0 0 -1 0 1 1 0 0 0 0/0 14:39 1:17 0:00
Will Borgen 0 1 1 -1 0 1 2 3 1 0 0/0 17:16 0:00 1:12
Zac Jones 0 0 0 -1 0 0 0 0 0 1 0/0 20:13 2:20 0:00
Players Stats for Pittsburgh Penguins
Player Name G A P +/- PIM S H SB GA TA FO MP PP MP PK MP
------------------------------------------------------------------------------------
Blake Coleman 1 0 1 1 0 2 1 0 1 1 0/1 13:11 0:00 0:00
Brian Dumoulin 0 0 0 0 0 0 1 0 0 0 0/0 21:39 1:25 2:26
Carson Soucy 0 0 0 0 0 0 3 1 0 1 0/0 15:45 0:00 0:00
Christian Dvorak 0 1 1 -1 0 4 0 1 0 1 0/0 9:56 1:01 0:00
Erik Gudbranson 0 0 0 0 0 3 1 1 0 0 0/0 17:21 0:00 0:49
Erik Karlsson 0 0 0 1 0 1 1 1 1 0 0/0 22:36 1:22 1:32
Gabriel Vilardi 2 2 4 1 0 4 3 0 0 2 0/3 17:36 1:21 0:00
Jordan Eberle 0 0 0 1 0 0 0 0 0 1 0/0 13:11 0:00 0:00
Justin Kirkland 0 0 0 -1 0 1 0 0 0 0 0/0 8:15 0:23 0:00
Leon Draisaitl 0 0 0 0 2 2 0 1 1 0 8/16 18:11 1:23 0:52
Mattias Ekholm 0 0 0 0 0 1 1 0 0 0 0/0 21:39 1:25 2:26
Mitchell Marner 0 0 0 0 0 1 0 1 3 2 3/7 19:31 1:26 2:08
Pavel Buchnevich 0 0 0 1 0 4 1 0 0 1 5/12 14:38 0:00 1:16
Phillip Danault 0 0 0 -1 0 3 0 1 0 0 3/5 7:52 0:00 0:00
Ryan O'Reilly 1 4 5 1 0 3 0 0 0 0 10/13 19:26 1:21 1:50
Sam Reinhart 0 0 0 0 0 1 0 0 0 0 1/3 17:51 1:23 1:50
Tage Thompson 1 2 3 1 5 5 3 1 3 0 2/3 15:28 0:03 0:00
Travis Sanheim 0 1 1 1 2 1 2 0 0 1 0/0 21:53 1:22 0:43
3 Stars
1 - Gabriel Vilardi (PIT)
2 - Ryan O'Reilly (PIT)
3 - John Gibson (PIT)
Power Play
Philadelphia Flyers - 0 on 2 Attempt(s) - 0.00%
Pittsburgh Penguins - 2 on 3 Attempt(s) - 66.67%
Penalty Kill
Philadelphia Flyers - 1 on 3 Attempt(s) - 33.33%
- Score 0 goal in Penalty Kill
Pittsburgh Penguins - 2 on 2 Attempt(s) - 100.00%
- Score 0 goal in Penalty Kill
Team Stat
Philadelphia Flyers - Hits : 23 - Faceoff Wins : 31 - Blocked Shots : 10 - Penalty Minutes : 21
Pittsburgh Penguins - Hits : 17 - Faceoff Wins : 32 - Blocked Shots : 8 - Penalty Minutes : 9
Official
Referees : Conor O'Donnell and Mitch Dunning
Linesman : Tommy Hughes and Scott Cherrey
Game Notes
Tage Thompson beats up Juuso Parssinen at 2:03 of 2nd period
Finance
Level 1 -- Attendance: 4218 (70.30%) -- Ticket Income $421,800
Level 2 -- Attendance: 3500 (70.00%) -- Ticket Income $210,000
Level 3 -- Attendance: 2181 (72.70%) -- Ticket Income $76,335
Level 4 -- Attendance: 3500 (70.00%) -- Ticket Income $87,500
Luxury Box -- Attendance: 825 (82.50%) -- Ticket Income $165,000
Game was played at the Consol Energy Center.
Total Attendance: 14224 (71.12%)
Total Ticket Income: $960,635
Other Income: $336,222
Total Income: $1,296,857
Philadelphia Flyers
5 vs 5 Forward
Center Left Wing Right Wing Time % Phy DF OF
1 Colton Sissons Thomas Novak Marcus Johansson 25 1 2 2
2 Cody Glass Jeff Skinner Brandon Duhaime 25 1 2 2
3 Luca Del Bel Belluz Jack McBain Casey Cizikas 25 1 2 2
4 Radek Faksa Juuso Parssinen Miles Wood 25 1 2 2
5 vs 5 Defense
Defense Defense Time % Phy DF OF
1 Joel Edmundson Nick Blankenburg 35 1 2 2
2 J.J. Moser Zac Jones 35 1 2 2
3 Will Borgen Louis Crevier 30 1 2 2
4 Joel Edmundson Nick Blankenburg 0 1 2 2
PowerPlay Forward
Center Left Wing Right Wing Time % Phy DF OF
1 Luca Del Bel Belluz Thomas Novak Marcus Johansson 50 1 2 2
2 Cody Glass Jeff Skinner Colton Sissons 50 1 2 2
PowerPlay Defense
Defense Defense Time % Phy DF OF
1 Zac Jones Joel Edmundson 50 1 2 2
2 Nick Blankenburg Louis Crevier 50 1 2 2
Penalty Kill 4 Players Forward
Center Wing Time % Phy DF OF
1 Colton Sissons Brandon Duhaime 50 1 2 2
2 Radek Faksa Jack McBain 50 1 2 2
Penalty Kill 4 Players Defense
Defense Defense Time % Phy DF OF
1 Louis Crevier Nick Blankenburg 50 1 2 2
2 Will Borgen Joel Edmundson 50 1 2 2
Penalty Kill - 3 Players Forward
Forward Time % Phy DF OF
1 Colton Sissons 50 1 2 2
2 Radek Faksa 50 1 2 2
Penalty Kill - 3 Players Defense
Defense Defense Time % Phy DF OF
1 Louis Crevier Nick Blankenburg 50 1 2 2
2 Will Borgen Joel Edmundson 50 1 2 2
4 vs 4 Forward
Center Wing Time % Phy DF OF
1 Colton Sissons Thomas Novak 50 1 2 2
2 Cody Glass Jeff Skinner 50 1 2 2
4 vs 4 Defense
Defense Defense Time % Phy DF OF
1 Joel Edmundson Nick Blankenburg 50 1 2 2
2 J.J. Moser Zac Jones 50 1 2 2
Last Minutes Offensive
Center Left Wing Right Wing Defense Defense
Luca Del Bel Belluz Thomas Novak Jeff Skinner Zac Jones Nick Blankenburg
Last Minutes Defensive
Center Left Wing Right Wing Defense Defense
Colton Sissons Brandon Duhaime Radek Faksa Louis Crevier Nick Blankenburg
Goaltenders
Starting : Jake Allen
Backup : Alexandar Georgiev
Extra Forwards
Normal : Colton Sissons, Cody Glass, Marcus Johansson - PP : Thomas Novak, Jeff Skinner - PK : Colton Sissons
Extra Defensemen
Normal : Joel Edmundson, J.J. Moser, Will Borgen - PP : Louis Crevier - PK : Zac Jones, Nick Blankenburg
Penalty Shots
Thomas Novak, Jeff Skinner, Marcus Johansson, Cody Glass, Radek Faksa
Scratches
Henri Jokiharju (Healthy), Josh Mahura (Healthy), Dylan Roobroeck (Healthy), Marcel Marcel (Healthy), Dylan Coghlan (Healthy)
Pittsburgh Penguins
5 vs 5 Forward
Center Left Wing Right Wing Time % Phy DF OF
1 Leon Draisaitl Sam Reinhart Mitchell Marner 30 1 2 2
2 Ryan O'Reilly Tage Thompson Gabriel Vilardi 30 1 2 2
3 Pavel Buchnevich Blake Coleman Jordan Eberle 25 1 2 2
4 Phillip Danault Christian Dvorak Justin Kirkland 15 1 2 2
5 vs 5 Defense
Defense Defense Time % Phy DF OF
1 Travis Sanheim Erik Karlsson 35 1 2 2
2 Brian Dumoulin Mattias Ekholm 35 1 2 2
3 Carson Soucy Erik Gudbranson 30 1 2 2
4 Travis Sanheim Erik Karlsson 0 1 2 2
PowerPlay Forward
Center Left Wing Right Wing Time % Phy DF OF
1 Leon Draisaitl Sam Reinhart Mitchell Marner 50 1 2 2
2 Ryan O'Reilly Tage Thompson Gabriel Vilardi 50 1 2 2
PowerPlay Defense
Defense Defense Time % Phy DF OF
1 Travis Sanheim Erik Karlsson 50 1 2 2
2 Brian Dumoulin Mattias Ekholm 50 1 2 2
Penalty Kill 4 Players Forward
Center Wing Time % Phy DF OF
1 Mitchell Marner Leon Draisaitl 50 1 2 2
2 Sam Reinhart Ryan O'Reilly 50 1 2 2
Penalty Kill 4 Players Defense
Defense Defense Time % Phy DF OF
1 Travis Sanheim Erik Karlsson 50 1 2 2
2 Brian Dumoulin Mattias Ekholm 50 1 2 2
Penalty Kill - 3 Players Forward
Forward Time % Phy DF OF
1 Mitchell Marner 50 1 2 2
2 Leon Draisaitl 50 1 2 2
Penalty Kill - 3 Players Defense
Defense Defense Time % Phy DF OF
1 Travis Sanheim Erik Karlsson 50 1 2 2
2 Brian Dumoulin Mattias Ekholm 50 1 2 2
4 vs 4 Forward
Center Wing Time % Phy DF OF
1 Mitchell Marner Leon Draisaitl 50 1 2 2
2 Sam Reinhart Ryan O'Reilly 50 1 2 2
4 vs 4 Defense
Defense Defense Time % Phy DF OF
1 Travis Sanheim Erik Karlsson 50 1 2 2
2 Brian Dumoulin Mattias Ekholm 50 1 2 2
Last Minutes Offensive
Center Left Wing Right Wing Defense Defense
Leon Draisaitl Sam Reinhart Mitchell Marner Travis Sanheim Erik Karlsson
Last Minutes Defensive
Center Left Wing Right Wing Defense Defense
Leon Draisaitl Sam Reinhart Mitchell Marner Travis Sanheim Erik Karlsson
Goaltenders
Starting : John Gibson
Backup : Jordan Binnington
Extra Forwards
Normal : Christian Dvorak, Justin Kirkland, Pavel Buchnevich - PP : Christian Dvorak, Justin Kirkland - PK : Pavel Buchnevich
Extra Defensemen
Normal : Carson Soucy, Erik Gudbranson, Brian Dumoulin - PP : Carson Soucy - PK : Erik Gudbranson, Brian Dumoulin
Penalty Shots
Mitchell Marner, Leon Draisaitl, Sam Reinhart, Ryan O'Reilly, Tage Thompson
Scratches
Jack Finley (Healthy), Zemgus Girgensons (Healthy), Kale Clague (Healthy), Michael DiPietro (Healthy)
% Time on Ice - Philadelphia Flyers
Lines # - Real PCT - Wanted PCT - Time Play
Normal Forward
1 - 26% - 25% - 13:38
2 - 23% - 25% - 12:17
3 - 25% - 25% - 13:26
4 - 26% - 25% - 13:54
Normal Defense
1 - 34% - 35% - 17:55
2 - 37% - 35% - 19:47
3 - 28% - 30% - 14:41
4 - 2% - 0% - 0:52
PP Forward
1 - 32% - 50% - 1:17
2 - 68% - 50% - 2:41
PP Defense
1 - 59% - 50% - 2:20
2 - 41% - 50% - 1:38
PK Forward
1 - 53% - 50% - 1:28
2 - 47% - 50% - 1:19
PK Defense
1 - 57% - 50% - 1:35
2 - 43% - 50% - 1:12
PK3 Forward
1 - 0% - 50%
2 - 0% - 50%
PK3 Defense
1 - 0% - 50%
2 - 0% - 50%
44 Forward
1 - 0% - 50%
2 - 0% - 50%
44 Defense
1 - 0% - 50%
2 - 0% - 50%
Last Minute Offensive - 0:00
Last Minute Defensive - 0:00
Total
Forward - 60:00
Defense - 60:00
|
% Time on Ice - Pittsburgh Penguins
Lines # - Real PCT - Wanted PCT - Time Play
Normal Forward
1 - 30% - 30% - 15:57
2 - 31% - 30% - 16:15
3 - 25% - 25% - 13:11
4 - 15% - 15% - 7:52
Normal Defense
1 - 37% - 35% - 19:42
2 - 33% - 35% - 17:48
3 - 30% - 30% - 15:45
4 - 0% - 0% - 0:00
PP Forward
1 - 50% - 50% - 1:23
2 - 50% - 50% - 1:24
PP Defense
1 - 49% - 50% - 1:22
2 - 51% - 50% - 1:25
PK Forward
1 - 54% - 50% - 2:08
2 - 46% - 50% - 1:50
PK Defense
1 - 39% - 50% - 1:32
2 - 61% - 50% - 2:26
PK3 Forward
1 - 0% - 50%
2 - 0% - 50%
PK3 Defense
1 - 0% - 50%
2 - 0% - 50%
44 Forward
1 - 0% - 50%
2 - 0% - 50%
44 Defense
1 - 0% - 50%
2 - 0% - 50%
Last Minute Offensive - 0:00
Last Minute Defensive - 0:00
Total
Forward - 60:00
Defense - 60:00
|
Play-by-Play
1st period
0:01 of 1st period - Leon Draisaitl wins face-off versus Colton Sissons in neutral zone.
0:27 of 1st period - Ryan O'Reilly is hit by Jeff Skinner and loses puck.
0:36 of 1st period - Snap shot by Jeff Skinner.
0:36 of 1st period - Shot Misses the Net.
0:38 of 1st period - Slapshot by J.J. Moser.
0:38 of 1st period - Deflect By Cody Glass.
0:38 of 1st period - Stopped by John Gibson without a rebound.
0:39 of 1st period - Pavel Buchnevich wins face-off versus Jack McBain in Pittsburgh Penguins zone.
1:00 of 1st period - Jack McBain is hit by Brian Dumoulin and loses puck.
1:09 of 1st period - Wrist shot by Pavel Buchnevich.
1:09 of 1st period - Stopped by Jake Allen with a rebound.
1:12 of 1st period - Icing by J.J. Moser.
1:13 of 1st period - Phillip Danault wins face-off versus Luca Del Bel Belluz in Philadelphia Flyers zone.
1:58 of 1st period - Snap shot by Jack McBain.
1:58 of 1st period - Stopped by John Gibson without a rebound.
1:59 of 1st period - Radek Faksa wins face-off versus Leon Draisaitl in Pittsburgh Penguins zone.
2:25 of 1st period - Christian Dvorak is hit by Nick Blankenburg and loses puck.
3:08 of 1st period - Snap shot by Tage Thompson.
3:08 of 1st period - Stopped by Jake Allen without a rebound.
3:09 of 1st period - Radek Faksa wins face-off versus Leon Draisaitl in Philadelphia Flyers zone.
3:40 of 1st period - Wrist shot by Cody Glass.
3:40 of 1st period - Shot Blocked by Tage Thompson.
3:52 of 1st period - Erik Gudbranson is hit by Jack McBain and loses puck.
4:01 of 1st period - Snap shot by Jack McBain.
4:01 of 1st period - Shot Misses the Net.
4:03 of 1st period - Slapshot by Louis Crevier.
4:03 of 1st period - Shot Misses the Net.
4:05 of 1st period - Slapshot by Louis Crevier.
4:05 of 1st period - Shot Blocked by Erik Gudbranson.
4:17 of 1st period - Carson Soucy is hit by Will Borgen and loses puck.
4:51 of 1st period - Wrist shot by Tage Thompson.
4:51 of 1st period - Shot Misses the Net.
5:00 of 1st period - Wrist shot by Colton Sissons.
5:00 of 1st period - Stopped by John Gibson without a rebound.
5:01 of 1st period - Radek Faksa wins face-off versus Leon Draisaitl in Pittsburgh Penguins zone.
6:00 of 1st period - Wrist shot by Mitchell Marner.
6:00 of 1st period - Shot Misses the Net.
6:14 of 1st period - Mitchell Marner is hit by Jack McBain.
6:36 of 1st period - Snap shot by Leon Draisaitl.
6:36 of 1st period - Stopped by Jake Allen without a rebound.
6:37 of 1st period - Pavel Buchnevich wins face-off versus Cody Glass in Philadelphia Flyers zone.
6:46 of 1st period - Snap shot by Jordan Eberle.
6:46 of 1st period - Shot Blocked by Louis Crevier.
6:48 of 1st period - Snap shot by Blake Coleman.
6:48 of 1st period - Deflect By Jordan Eberle.
6:48 of 1st period - Shot Misses the Net.
6:48 of 1st period - Puck is out of play.
6:49 of 1st period - Cody Glass wins face-off versus Pavel Buchnevich in Philadelphia Flyers zone.
6:49 of 1st period - Cody Glass is hit by Pavel Buchnevich.
8:34 of 1st period - Luca Del Bel Belluz is hit by Gabriel Vilardi.
8:51 of 1st period - Wrist shot by Pavel Buchnevich.
8:51 of 1st period - Stopped by Jake Allen without a rebound.
8:52 of 1st period - Pavel Buchnevich wins face-off versus Cody Glass in Philadelphia Flyers zone.
9:40 of 1st period - Snap shot by Phillip Danault.
9:40 of 1st period - Shot Misses the Net.
9:42 of 1st period - Slapshot by Justin Kirkland.
9:42 of 1st period - Stopped by Jake Allen with a rebound.
9:44 of 1st period - Wrist shot by Christian Dvorak.
9:44 of 1st period - Stopped by Jake Allen without a rebound.
9:45 of 1st period - Radek Faksa wins face-off versus Pavel Buchnevich in Philadelphia Flyers zone.
10:03 of 1st period - Icing by Blake Coleman.
10:04 of 1st period - Cody Glass wins face-off versus Pavel Buchnevich in Pittsburgh Penguins zone.
10:41 of 1st period - Slapshot by Jordan Eberle.
10:41 of 1st period - Shot Misses the Net.
10:55 of 1st period - Slapshot by Colton Sissons.
10:55 of 1st period - Stopped by John Gibson without a rebound.
10:56 of 1st period - Leon Draisaitl wins face-off versus Cody Glass in Pittsburgh Penguins zone.
11:31 of 1st period - Snap shot by Tage Thompson.
11:31 of 1st period - Stopped by Jake Allen without a rebound.
11:32 of 1st period - Phillip Danault wins face-off versus Radek Faksa in Philadelphia Flyers zone.
11:35 of 1st period - Wrist shot by Phillip Danault.
11:35 of 1st period - Shot Blocked by Nick Blankenburg.
11:39 of 1st period - Slapshot by Christian Dvorak.
11:39 of 1st period - Stopped by Jake Allen with a rebound.
11:41 of 1st period - Backhand shot by Justin Kirkland.
11:41 of 1st period - Shot Misses the Net.
11:43 of 1st period - Slapshot by Carson Soucy.
11:43 of 1st period - Shot Misses the Net.
11:45 of 1st period - Wrist shot by Carson Soucy.
11:45 of 1st period - Deflect By Justin Kirkland.
11:45 of 1st period - Shot Blocked by Juuso Parssinen.
11:45 of 1st period - Puck is out of play.
11:46 of 1st period - Cody Glass wins face-off versus Leon Draisaitl in Philadelphia Flyers zone.
12:16 of 1st period - Brian Dumoulin is hit by Radek Faksa.
13:06 of 1st period - Snap shot by Jordan Eberle.
13:06 of 1st period - Shot Misses the Net.
13:43 of 1st period - Wrist shot by Miles Wood.
13:43 of 1st period - Stopped by John Gibson without a rebound.
13:44 of 1st period - Radek Faksa wins face-off versus Gabriel Vilardi in Pittsburgh Penguins zone.
13:49 of 1st period - Snap shot by Juuso Parssinen.
13:49 of 1st period - Stopped by John Gibson with a rebound.
13:51 of 1st period - Slapshot by Louis Crevier.
13:51 of 1st period - Stopped by John Gibson with a rebound.
13:53 of 1st period - Slapshot by Louis Crevier.
13:53 of 1st period - Stopped by John Gibson with a rebound.
13:55 of 1st period - Slapshot by Louis Crevier.
13:55 of 1st period - Stopped by John Gibson without a rebound.
13:56 of 1st period - Colton Sissons wins face-off versus Mitchell Marner in Pittsburgh Penguins zone.
13:57 of 1st period - Slapshot by Marcus Johansson.
13:57 of 1st period - Shot Blocked by Erik Karlsson.
14:28 of 1st period - Wrist shot by Ryan O'Reilly.
14:28 of 1st period - Shot Blocked by Brandon Duhaime.
14:30 of 1st period - Slapshot by Tage Thompson.
14:30 of 1st period - Shot Blocked by Will Borgen.
14:32 of 1st period - Snap shot by Tage Thompson.
14:32 of 1st period - Stopped by Jake Allen with a rebound.
14:44 of 1st period - Slapshot by Jack McBain.
14:44 of 1st period - Shot Blocked by Christian Dvorak.
14:46 of 1st period - Snap shot by Jack McBain.
14:46 of 1st period - Shot Misses the Net.
14:48 of 1st period - Wrist shot by Casey Cizikas.
14:48 of 1st period - Shot Misses the Net.
14:50 of 1st period - Slapshot by J.J. Moser.
14:50 of 1st period - Shot Blocked by Phillip Danault.
14:52 of 1st period - Wrist shot by Jack McBain.
14:52 of 1st period - Deflect By Luca Del Bel Belluz.
14:52 of 1st period - Stopped by John Gibson with a rebound.
15:10 of 1st period - Wrist shot by Marcus Johansson.
15:10 of 1st period - Deflect By Thomas Novak.
15:10 of 1st period - Shot Blocked by Carson Soucy.
15:10 of 1st period - Puck is out of play.
15:11 of 1st period - Mitchell Marner wins face-off versus Radek Faksa in Pittsburgh Penguins zone.
15:26 of 1st period - Mitchell Marner is hit by Radek Faksa and loses puck.
16:03 of 1st period - Casey Cizikas is hit by Travis Sanheim and loses puck.
16:13 of 1st period - Icing by Jordan Eberle.
16:14 of 1st period - Colton Sissons wins face-off versus Blake Coleman in Pittsburgh Penguins zone.
16:23 of 1st period - Snap shot by Jordan Eberle.
16:23 of 1st period - Shot Misses the Net.
16:25 of 1st period - Snap shot by Pavel Buchnevich.
16:25 of 1st period - Stopped by Jake Allen without a rebound.
16:26 of 1st period - Radek Faksa wins face-off versus Leon Draisaitl in Philadelphia Flyers zone.
17:05 of 1st period - Wrist shot by Gabriel Vilardi.
17:05 of 1st period - Goal by Gabriel Vilardi - Philadelphia Flyers : 0 - Pittsburgh Penguins : 1.
17:06 of 1st period - Phillip Danault wins face-off versus Brandon Duhaime in neutral zone.
17:15 of 1st period - Wrist shot by Phillip Danault.
17:15 of 1st period - Stopped by Jake Allen with a rebound.
17:17 of 1st period - Wrist shot by Christian Dvorak.
17:17 of 1st period - Stopped by Jake Allen with a rebound.
17:33 of 1st period - Slapshot by Mitchell Marner.
17:33 of 1st period - Shot Misses the Net.
17:35 of 1st period - Snap shot by Erik Gudbranson.
17:35 of 1st period - Deflect By Mitchell Marner.
17:35 of 1st period - Stopped by Jake Allen with a rebound.
18:26 of 1st period - Mattias Ekholm is hit by Brandon Duhaime and loses puck.
18:31 of 1st period - Snap shot by Jeff Skinner.
18:31 of 1st period - Shot Hit the Post.
18:33 of 1st period - Slapshot by Will Borgen.
18:33 of 1st period - Stopped by John Gibson without a rebound.
18:34 of 1st period - Tage Thompson wins face-off versus Jack McBain in Pittsburgh Penguins zone.
19:05 of 1st period - Snap shot by Marcus Johansson.
19:05 of 1st period - Stopped by John Gibson with a rebound.
19:07 of 1st period - Snap shot by Marcus Johansson.
19:07 of 1st period - Shot Misses the Net.
19:09 of 1st period - Wrist shot by Colton Sissons.
19:09 of 1st period - Shot Misses the Net.
19:11 of 1st period - Slapshot by J.J. Moser.
19:11 of 1st period - Shot Blocked by Leon Draisaitl.
19:47 of 1st period - Snap shot by Luca Del Bel Belluz.
19:47 of 1st period - Shot Misses the Net.
19:49 of 1st period - Slapshot by Joel Edmundson.
19:49 of 1st period - Shot Misses the Net.
19:51 of 1st period - Snap shot by Nick Blankenburg.
19:51 of 1st period - Stopped by John Gibson with a rebound.
19:53 of 1st period - Wrist shot by Jack McBain.
19:53 of 1st period - Goal by Jack McBain - Philadelphia Flyers : 1 - Pittsburgh Penguins : 1.
19:54 of 1st period - Ryan O'Reilly wins face-off versus Casey Cizikas in neutral zone.
Goals for this period are 1 for Philadelphia Flyers vs 1 for Pittsburgh Penguins.
Shots for this period are 14 for Philadelphia Flyers vs 14 for Pittsburgh Penguins.
2nd period
0:01 of 2nd period - Tage Thompson wins face-off versus Colton Sissons in neutral zone.
0:15 of 2nd period - Snap shot by Colton Sissons.
0:15 of 2nd period - Stopped by John Gibson with a rebound.
1:09 of 2nd period - Wrist shot by Jeff Skinner.
1:09 of 2nd period - Stopped by John Gibson without a rebound.
1:10 of 2nd period - Cody Glass wins face-off versus Phillip Danault in Pittsburgh Penguins zone.
1:35 of 2nd period - Phillip Danault is hit by Marcus Johansson and loses puck.
2:02 of 2nd period - Snap shot by Tage Thompson.
2:02 of 2nd period - Goal by Tage Thompson - Philadelphia Flyers : 1 - Pittsburgh Penguins : 2.
2:03 of 2nd period - Ryan O'Reilly wins face-off versus Radek Faksa in neutral zone.
2:03 of 2nd period - Tage Thompson beats up Juuso Parssinen.
2:03 of 2nd period - Penalty to Tage Thompson for Fighting.
2:03 of 2nd period - Penalty to Juuso Parssinen for Fighting.
2:03 of 2nd period - Penalty to Juuso Parssinen for instigated a fight.
2:03 of 2nd period - Penalty to Juuso Parssinen for instigated a fight.
2:04 of 2nd period - Leon Draisaitl wins face-off versus Brandon Duhaime in neutral zone.
4:03 of 2nd period - Penalty to Juuso Parssinen is over, Jeff Skinner is send on ice.
4:18 of 2nd period - Off-side.
4:19 of 2nd period - Pavel Buchnevich wins face-off versus Colton Sissons in neutral zone.
4:26 of 2nd period - Marcus Johansson is hit by Carson Soucy.
5:15 of 2nd period - Minor Penalty to Miles Wood for Roughing.
5:16 of 2nd period - Radek Faksa wins face-off versus Leon Draisaitl in Philadelphia Flyers zone.
5:46 of 2nd period - Wrist shot by Brandon Duhaime.
5:46 of 2nd period - Deflect By Colton Sissons.
5:46 of 2nd period - Stopped by John Gibson without a rebound.
5:47 of 2nd period - Ryan O'Reilly wins face-off versus Colton Sissons in Pittsburgh Penguins zone.
6:00 of 2nd period - Slapshot by Ryan O'Reilly.
6:00 of 2nd period - Goal by Ryan O'Reilly - Philadelphia Flyers : 1 - Pittsburgh Penguins : 3.
6:01 of 2nd period - Ryan O'Reilly wins face-off versus Luca Del Bel Belluz in neutral zone.
6:03 of 2nd period - Off-side.
6:04 of 2nd period - Ryan O'Reilly wins face-off versus Luca Del Bel Belluz in neutral zone.
6:13 of 2nd period - Wrist shot by Ryan O'Reilly.
6:13 of 2nd period - Stopped by Jake Allen with a rebound.
6:31 of 2nd period - Erik Karlsson is hit by Radek Faksa and loses puck.
6:36 of 2nd period - Snap shot by Radek Faksa.
6:36 of 2nd period - Stopped by John Gibson without a rebound.
6:37 of 2nd period - Radek Faksa wins face-off versus Ryan O'Reilly in Pittsburgh Penguins zone.
6:44 of 2nd period - Wrist shot by Miles Wood.
6:44 of 2nd period - Deflect By Christian Dvorak.
6:44 of 2nd period - Stopped by John Gibson without a rebound.
6:45 of 2nd period - Ryan O'Reilly wins face-off versus Radek Faksa in Pittsburgh Penguins zone.
6:45 of 2nd period - Ryan O'Reilly is hit by Miles Wood.
7:03 of 2nd period - Snap shot by Colton Sissons.
7:03 of 2nd period - Stopped by John Gibson without a rebound.
7:04 of 2nd period - Leon Draisaitl wins face-off versus Luca Del Bel Belluz in Pittsburgh Penguins zone.
7:51 of 2nd period - Slapshot by Phillip Danault.
7:51 of 2nd period - Stopped by Jake Allen with a rebound.
8:03 of 2nd period - Slapshot by Christian Dvorak.
8:03 of 2nd period - Deflect By Thomas Novak.
8:03 of 2nd period - Stopped by Jake Allen with a rebound.
8:41 of 2nd period - Slapshot by Blake Coleman.
8:41 of 2nd period - Shot Blocked by Will Borgen.
8:57 of 2nd period - Wrist shot by Jack McBain.
8:57 of 2nd period - Goal by Jack McBain - Philadelphia Flyers : 2 - Pittsburgh Penguins : 3.
8:58 of 2nd period - Radek Faksa wins face-off versus Leon Draisaitl in neutral zone.
9:25 of 2nd period - Casey Cizikas is hit by Blake Coleman and loses puck.
10:15 of 2nd period - Wrist shot by Colton Sissons.
10:15 of 2nd period - Shot Misses the Net.
10:17 of 2nd period - Snap shot by Radek Faksa.
10:17 of 2nd period - Stopped by John Gibson with a rebound.
10:19 of 2nd period - Slapshot by Radek Faksa.
10:19 of 2nd period - Stopped by John Gibson without a rebound.
10:20 of 2nd period - Jeff Skinner wins face-off versus Mitchell Marner in Pittsburgh Penguins zone.
10:21 of 2nd period - Slapshot by Brandon Duhaime.
10:21 of 2nd period - Stopped by John Gibson with a rebound.
10:31 of 2nd period - Snap shot by Leon Draisaitl.
10:31 of 2nd period - Stopped by Jake Allen with a rebound.
10:33 of 2nd period - Snap shot by Sam Reinhart.
10:33 of 2nd period - Stopped by Jake Allen with a rebound.
11:07 of 2nd period - Wrist shot by Ryan O'Reilly.
11:07 of 2nd period - Shot Misses the Net.
11:09 of 2nd period - Snap shot by Blake Coleman.
11:09 of 2nd period - Deflect By Louis Crevier.
11:09 of 2nd period - Goal by Blake Coleman - Philadelphia Flyers : 2 - Pittsburgh Penguins : 4.
11:10 of 2nd period - Leon Draisaitl wins face-off versus Brandon Duhaime in neutral zone.
11:18 of 2nd period - Minor Penalty to Brandon Duhaime for Slashing.
11:19 of 2nd period - Ryan O'Reilly wins face-off versus Radek Faksa in Philadelphia Flyers zone.
11:19 of 2nd period - Snap shot by Tage Thompson.
11:19 of 2nd period - Shot Misses the Net.
11:21 of 2nd period - Snap shot by Gabriel Vilardi.
11:21 of 2nd period - Goal by Gabriel Vilardi - Philadelphia Flyers : 2 - Pittsburgh Penguins : 5.
11:22 of 2nd period - Leon Draisaitl wins face-off versus Luca Del Bel Belluz in neutral zone.
11:47 of 2nd period - Thomas Novak is hit by Carson Soucy and loses puck.
11:52 of 2nd period - Wrist shot by Ryan O'Reilly.
11:52 of 2nd period - Stopped by Jake Allen without a rebound.
11:53 of 2nd period - Radek Faksa wins face-off versus Tage Thompson in Philadelphia Flyers zone.
12:05 of 2nd period - Snap shot by Miles Wood.
12:05 of 2nd period - Stopped by John Gibson without a rebound.
12:06 of 2nd period - Cody Glass wins face-off versus Sam Reinhart in Pittsburgh Penguins zone.
12:17 of 2nd period - Wrist shot by Brandon Duhaime.
12:17 of 2nd period - Stopped by John Gibson with a rebound.
12:38 of 2nd period - Wrist shot by Sam Reinhart.
12:38 of 2nd period - Deflect By Leon Draisaitl.
12:38 of 2nd period - Shot Blocked by Miles Wood.
12:38 of 2nd period - Puck is out of play.
12:39 of 2nd period - Luca Del Bel Belluz wins face-off versus Ryan O'Reilly in Philadelphia Flyers zone.
12:46 of 2nd period - Slapshot by Tage Thompson.
12:46 of 2nd period - Shot Misses the Net.
12:48 of 2nd period - Snap shot by Tage Thompson.
12:48 of 2nd period - Stopped by Jake Allen without a rebound.
12:49 of 2nd period - Luca Del Bel Belluz wins face-off versus Ryan O'Reilly in Philadelphia Flyers zone.
12:49 of 2nd period - Luca Del Bel Belluz is hit by Gabriel Vilardi.
13:47 of 2nd period - Icing by Nick Blankenburg.
13:48 of 2nd period - Luca Del Bel Belluz wins face-off versus Pavel Buchnevich in Philadelphia Flyers zone.
13:59 of 2nd period - Jordan Eberle is hit by Casey Cizikas and loses puck.
14:24 of 2nd period - Snap shot by Colton Sissons.
14:24 of 2nd period - Deflect By Thomas Novak.
14:24 of 2nd period - Stopped by John Gibson without a rebound.
14:25 of 2nd period - Cody Glass wins face-off versus Pavel Buchnevich in Pittsburgh Penguins zone.
14:41 of 2nd period - Slapshot by Mattias Ekholm.
14:41 of 2nd period - Stopped by Jake Allen without a rebound.
14:42 of 2nd period - Leon Draisaitl wins face-off versus Radek Faksa in Philadelphia Flyers zone.
15:25 of 2nd period - Snap shot by Radek Faksa.
15:25 of 2nd period - Shot Misses the Net.
15:27 of 2nd period - Slapshot by J.J. Moser.
15:27 of 2nd period - Stopped by John Gibson with a rebound.
15:37 of 2nd period - Wrist shot by Miles Wood.
15:37 of 2nd period - Shot Misses the Net.
15:39 of 2nd period - Slapshot by Zac Jones.
15:39 of 2nd period - Deflect By Radek Faksa.
15:39 of 2nd period - Stopped by John Gibson without a rebound.
15:40 of 2nd period - Leon Draisaitl wins face-off versus Cody Glass in Pittsburgh Penguins zone.
16:15 of 2nd period - Jack McBain is hit by Travis Sanheim and loses puck.
17:03 of 2nd period - 10 Minutes Misconduct Penalty to Juuso Parssinen is over.
17:39 of 2nd period - Slapshot by Brian Dumoulin.
17:39 of 2nd period - Deflect By Phillip Danault.
17:39 of 2nd period - Shot Hit the Post.
17:39 of 2nd period - Puck is out of play.
17:40 of 2nd period - Radek Faksa wins face-off versus Phillip Danault in Philadelphia Flyers zone.
17:40 of 2nd period - Radek Faksa is hit by Mattias Ekholm.
18:32 of 2nd period - Snap shot by Marcus Johansson.
18:32 of 2nd period - Stopped by John Gibson without a rebound.
18:33 of 2nd period - Colton Sissons wins face-off versus Pavel Buchnevich in Pittsburgh Penguins zone.
18:34 of 2nd period - Snap shot by Marcus Johansson.
18:34 of 2nd period - Stopped by John Gibson without a rebound.
18:35 of 2nd period - Ryan O'Reilly wins face-off versus Colton Sissons in Pittsburgh Penguins zone.
18:35 of 2nd period - Ryan O'Reilly is hit by Colton Sissons.
18:38 of 2nd period - Tage Thompson is hit by Colton Sissons and loses puck.
18:43 of 2nd period - Wrist shot by Tage Thompson.
18:43 of 2nd period - Deflect By Ryan O'Reilly.
18:43 of 2nd period - Shot Misses the Net.
18:43 of 2nd period - Puck is out of play.
18:44 of 2nd period - Ryan O'Reilly wins face-off versus Colton Sissons in Philadelphia Flyers zone.
Goals for this period are 1 for Philadelphia Flyers vs 4 for Pittsburgh Penguins.
Shots for this period are 17 for Philadelphia Flyers vs 12 for Pittsburgh Penguins.
3rd period
0:01 of 3rd period - Colton Sissons wins face-off versus Pavel Buchnevich in neutral zone.
0:08 of 3rd period - Nick Blankenburg is hit by Erik Karlsson and loses puck.
0:27 of 3rd period - Mitchell Marner is hit by Luca Del Bel Belluz and loses puck.
0:48 of 3rd period - Minor Penalty to Leon Draisaitl for Roughing.
0:49 of 3rd period - Mitchell Marner wins face-off versus Luca Del Bel Belluz in Pittsburgh Penguins zone.
0:58 of 3rd period - Slapshot by Marcus Johansson.
0:58 of 3rd period - Shot Misses the Net.
1:04 of 3rd period - Snap shot by Marcus Johansson.
1:04 of 3rd period - Stopped by John Gibson without a rebound.
1:05 of 3rd period - Cody Glass wins face-off versus Mitchell Marner in Pittsburgh Penguins zone.
2:08 of 3rd period - Icing by Jeff Skinner.
2:09 of 3rd period - Mitchell Marner wins face-off versus Cody Glass in Philadelphia Flyers zone.
2:10 of 3rd period - Snap shot by Pavel Buchnevich.
2:10 of 3rd period - Stopped by Jake Allen with a rebound.
2:48 of 3rd period - Penalty to Leon Draisaitl is over, Leon Draisaitl is back on ice.
2:48 of 3rd period - Wrist shot by Colton Sissons.
2:48 of 3rd period - Stopped by John Gibson without a rebound.
2:49 of 3rd period - Ryan O'Reilly wins face-off versus Radek Faksa in Pittsburgh Penguins zone.
3:23 of 3rd period - Christian Dvorak is hit by Will Borgen.
3:37 of 3rd period - Icing by Sam Reinhart.
3:38 of 3rd period - Sam Reinhart wins face-off versus Luca Del Bel Belluz in Pittsburgh Penguins zone.
4:37 of 3rd period - Snap shot by Tage Thompson.
4:37 of 3rd period - Shot Misses the Net.
4:43 of 3rd period - Slapshot by Gabriel Vilardi.
4:43 of 3rd period - Stopped by Jake Allen with a rebound.
4:45 of 3rd period - Slapshot by Erik Karlsson.
4:45 of 3rd period - Stopped by Jake Allen without a rebound.
4:46 of 3rd period - Radek Faksa wins face-off versus Mitchell Marner in Philadelphia Flyers zone.
6:17 of 3rd period - Wrist shot by Leon Draisaitl.
6:17 of 3rd period - Shot Misses the Net.
6:33 of 3rd period - Wrist shot by Colton Sissons.
6:33 of 3rd period - Shot Blocked by Mitchell Marner.
6:43 of 3rd period - Snap shot by Marcus Johansson.
6:43 of 3rd period - Deflect By Colton Sissons.
6:43 of 3rd period - Stopped by John Gibson with a rebound.
6:57 of 3rd period - Slapshot by Marcus Johansson.
6:57 of 3rd period - Stopped by John Gibson without a rebound.
6:58 of 3rd period - Cody Glass wins face-off versus Gabriel Vilardi in Pittsburgh Penguins zone.
7:49 of 3rd period - Snap shot by Miles Wood.
7:49 of 3rd period - Stopped by John Gibson with a rebound.
7:59 of 3rd period - Snap shot by Pavel Buchnevich.
7:59 of 3rd period - Shot Blocked by Will Borgen.
8:01 of 3rd period - Wrist shot by Pavel Buchnevich.
8:01 of 3rd period - Shot Misses the Net.
8:03 of 3rd period - Slapshot by Carson Soucy.
8:03 of 3rd period - Shot Blocked by Miles Wood.
8:05 of 3rd period - Snap shot by Blake Coleman.
8:05 of 3rd period - Stopped by Jake Allen without a rebound.
8:06 of 3rd period - Cody Glass wins face-off versus Gabriel Vilardi in Philadelphia Flyers zone.
8:19 of 3rd period - Slapshot by Gabriel Vilardi.
8:19 of 3rd period - Stopped by Jake Allen without a rebound.
8:20 of 3rd period - Colton Sissons wins face-off versus Leon Draisaitl in Philadelphia Flyers zone.
9:22 of 3rd period - Minor Penalty to Travis Sanheim for Tripping.
9:23 of 3rd period - Luca Del Bel Belluz wins face-off versus Sam Reinhart in Pittsburgh Penguins zone.
9:43 of 3rd period - Snap shot by Leon Draisaitl.
9:43 of 3rd period - Shot Blocked by Cody Glass.
10:09 of 3rd period - Snap shot by Cody Glass.
10:09 of 3rd period - Stopped by John Gibson with a rebound.
11:22 of 3rd period - Penalty to Travis Sanheim is over, Travis Sanheim is back on ice.
11:29 of 3rd period - Snap shot by Juuso Parssinen.
11:29 of 3rd period - Stopped by John Gibson with a rebound.
11:39 of 3rd period - Travis Sanheim is hit by Radek Faksa.
12:07 of 3rd period - Wrist shot by Leon Draisaitl.
12:07 of 3rd period - Shot Misses the Net.
12:24 of 3rd period - Mitchell Marner is hit by Casey Cizikas and loses puck.
12:31 of 3rd period - Snap shot by Erik Gudbranson.
12:31 of 3rd period - Deflect By Louis Crevier.
12:31 of 3rd period - Stopped by Jake Allen with a rebound.
12:33 of 3rd period - Slapshot by Erik Gudbranson.
12:33 of 3rd period - Stopped by Jake Allen with a rebound.
12:35 of 3rd period - Snap shot by Travis Sanheim.
12:35 of 3rd period - Stopped by Jake Allen with a rebound.
12:37 of 3rd period - Slapshot by Erik Gudbranson.
12:37 of 3rd period - Stopped by Jake Allen with a rebound.
12:39 of 3rd period - Snap shot by Mitchell Marner.
12:39 of 3rd period - Deflect By Leon Draisaitl.
12:39 of 3rd period - Shot Misses the Net.
12:39 of 3rd period - Puck is out of play.
12:40 of 3rd period - Pavel Buchnevich wins face-off versus Cody Glass in Philadelphia Flyers zone.
13:12 of 3rd period - Wrist shot by Miles Wood.
13:12 of 3rd period - Stopped by John Gibson with a rebound.
13:29 of 3rd period - J.J. Moser is hit by Carson Soucy and loses puck.
13:34 of 3rd period - Wrist shot by Phillip Danault.
13:34 of 3rd period - Stopped by Jake Allen with a rebound.
13:36 of 3rd period - Snap shot by Christian Dvorak.
13:36 of 3rd period - Shot Misses the Net.
13:48 of 3rd period - Radek Faksa is hit by Gabriel Vilardi and loses puck.
13:59 of 3rd period - Snap shot by Marcus Johansson.
13:59 of 3rd period - Shot Misses the Net.
14:01 of 3rd period - Slapshot by J.J. Moser.
14:01 of 3rd period - Deflect By Phillip Danault.
14:01 of 3rd period - Stopped by John Gibson with a rebound.
15:33 of 3rd period - Gabriel Vilardi is hit by Jack McBain and loses puck.
15:46 of 3rd period - Mitchell Marner is hit by Casey Cizikas and loses puck.
16:32 of 3rd period - Will Borgen is hit by Tage Thompson and loses puck.
16:56 of 3rd period - Jordan Eberle is hit by J.J. Moser and loses puck.
17:23 of 3rd period - Jeff Skinner is hit by Tage Thompson and loses puck.
18:43 of 3rd period - Marcus Johansson is hit by Erik Gudbranson and loses puck.
19:14 of 3rd period - Ryan O'Reilly is hit by Thomas Novak and loses puck.
19:27 of 3rd period - Gabriel Vilardi is hit by Colton Sissons and loses puck.
19:34 of 3rd period - Colton Sissons is hit by Tage Thompson and loses puck.
Goals for this period are 0 for Philadelphia Flyers vs 0 for Pittsburgh Penguins.
Shots for this period are 9 for Philadelphia Flyers vs 10 for Pittsburgh Penguins.
Back to the Top